 Dungeon Sprint DCSS version 0.30-a0-920-g7493c07aab (webtiles) character file.

Game seed: 16578374384805018437

259 testman the Shield-Bearer (level 5, 0/61 HPs)
             Began as a Troll Fighter on Mar 21, 2023.
             Was an Initiate of Jiyva.
             Slain by a two-headed ogre
             ... wielding a +0 giant club
              (19 damage)
             ... in the Dungeon (Sprint IX: "|||||||||||||||||||||||||||||").
             The game lasted 00:01:36 (130 turns).

testman the Shield-Bearer (Troll Fighter)            Turns: 130, Time: 00:01:37

Health: 0/61       AC:  5    Str: 26    XL:     5   Next: 94%
Magic:  4/4        EV: 11    Int:  7    God:    Jiyva [......]
Gold:   0          SH:  9    Dex:  9    Spells: 4/4 levels left

rFire   . . .      SeeInvis .      - Unarmed
rCold   . . .      Faith    .    b - +0 kite shield
rNeg    . . .      Spirit   .    a - +0 robe
rPois   .          Reflect  .    (helmet restricted)
rElec   .          Rampage  .    m - +0 cloak
rCorr   .          NoTele   +    (gloves unavailable)
Will    .....                    (boots unavailable)
Stlth   +                        (no amulet)
HPRegen 1.10/turn                n - +3 ring of intelligence
MPRegen 0.09/turn                o - +2 ring of evasion

@: no status effects
A: large, unfitting armour, claws 3, regeneration 1, shaggy fur 1, tough skin 1
a: Renounce Religion


You were in the Dungeon.
You worshipped Jiyva.
Jiyva was noncommittal.
You visited 1 branch

Inventory:

Armour
 a - a +0 robe (worn)
 b - a +0 kite shield (worn)
 m - a +0 cloak (worn)
Jewellery
 n - a +3 ring of intelligence (left claw)
 o - a +2 ring of evasion (right claw)
Wands
 l - a wand of iceblast (10)
Scrolls
 i - 2 scrolls of blinking
 k - 2 scrolls of amnesia
Potions
 c - a potion of might
 d - 5 potions of curing
 e - 3 potions of heal wounds
 f - a potion of haste
 g - 4 potions of magic
 h - a potion of berserk rage
 j - a potion of invisibility


   Skills:
 + Level 6.5 Fighting
 - Level 2.4 Dodging
 + Level 1.2 Stealth
 + Level 7.1 Shields
 + Level 6.6 Unarmed Combat


You had 4 spell levels left.
You didn't know any spells.
Your spell library was empty.

Dungeon Overview and Level Annotations

Branches:
Dungeon (1/1)

Altars:
Cheibriados
Dithmenos
Elyvilon
Fedhas
Gozag
Hepliaklqana
Kikubaaqudgha
Makhleb
Nemelex Xobeh
Okawaru
Qazlal
Ru
Sif Muna
Trog
Uskayaw
Vehumet
Wu Jian
Xom
Yredelemnul
Zin
The Shining One
Jiyva
Lugonu


Innate Abilities, Weirdness & Mutations

You are too large for most types of armour.
You have claws for hands.
Your natural rate of healing is unusually fast.
You are covered in fur. (AC +1)
You have tough skin. (AC +1)


Message History

You scratch the wyvern but do no damage.
The wyvern bites you but does no damage.
You mangle the wyvern!!
The wyvern is severely wounded.
The wyvern bites you! You block the wyvern's attack.
You barely miss the wyvern.
The wyvern is severely wounded.
You block the wyvern's attack.
The orc wizard mumbles some strange words.
The orc wizard flickers and vanishes!
Deactivating autopickup; reactivate with Ctrl-A.
You scratch the wyvern but do no damage.
The wyvern is severely wounded.
The wyvern bites you! x2
You closely miss the wyvern.
The wyvern is severely wounded.
You block the wyvern's attack.
You scratch the wyvern.
The wyvern is severely wounded.
The wyvern bites you!
* * * LOW HITPOINT WARNING * * *
The wyvern closely misses you.
You claw the wyvern!
You kill the wyvern!
Jiyva gurgles merrily.
Your Fighting skill increases to level 6!
Your Stealth skill increases to level 1!
Your Shields skill gained 2 levels and is now at level 7!
Your Unarmed Combat skill gained 2 levels and is now at level 6!
You have reached level 5!
Okay, then.
You claw the two-headed ogre!
The two-headed ogre is moderately wounded.
You block the two-headed ogre's attack. The two-headed ogre barely misses you.
You scratch the two-headed ogre but do no damage.
The two-headed ogre is moderately wounded.
You claw the two-headed ogre!
The two-headed ogre is moderately wounded.
The two-headed ogre hits you with a +0 giant club!!
You die... ▓▓▓▓▓▓▓▓▓▓▓▓▓▓▓▓▓▓▓▓▓▓▓▓ _______'..)..[[.@OYT.g.. ▓▓▓▓▓▓▓▓▓▓▓▓▓▓▓▓▓▓▓▓▓▓▓▓

You could see a two-headed ogre, a yak, a troll and a gnoll sergeant.

Vanquished Creatures
  A wyvern (D)
  A howler monkey (D)
  A jelly (D)
  A hound (D)
  An adder (D)
  An orc (D)
  A hobgoblin (D)
  A ball python (D)
  A frilled lizard (D)
  2 rats (D)
11 creatures vanquished.

Vanquished Creatures (others)
  A great orb of eyes (D)
  A satyr (shapeshifter) (D)
  A wizard (D)
  A mana viper (shapeshifter) (D)
  A yaktaur (D)
  6 slime creatures (D)
11 creatures vanquished.

Grand Total: 22 creatures vanquished

Notes
Turn   | Place    | Note
-------+----------+-------------------------------------------
     0 | D        | testman the Troll Fighter began the quest for the Orb.
     0 | D        | Reached XP level 1. HP: 22/22 MP: 0/0
     7 | D        | Reached skill level 3 in Shields
    23 | D        | Noticed a jelly
    23 | D        | Noticed a howler monkey
    23 | D        | Noticed a hound
    26 | D        | Killed a jelly
    27 | D        | Reached skill level 4 in Shields
    27 | D        | Reached XP level 2. HP: 32/32 MP: 1/1
    27 | D        | Reached XP level 3. HP: 39/39 MP: 2/2
    29 | D        | Reached skill level 5 in Shields
    29 | D        | Reached XP level 4. HP: 49/49 MP: 3/3
    31 | D        | Reached skill level 5 in Fighting
    43 | D        | Found a snail-covered altar of Cheibriados.
    43 | D        | Found a shadowy altar of Dithmenos.
    43 | D        | Found a white marble altar of Elyvilon.
    43 | D        | Found a blossoming altar of Fedhas.
    43 | D        | Found an opulent altar of Gozag.
    44 | D        | Found a hazy altar of Hepliaklqana.
    45 | D        | Found a viscous altar of Jiyva.
    46 | D        | Found an ancient bone altar of Kikubaaqudgha.
    47 | D        | Found a corrupted altar of Lugonu.
    48 | D        | Found a burning altar of Makhleb.
    49 | D        | Found a sparkling altar of Nemelex Xobeh.
    50 | D        | Found an iron altar of Okawaru.
    51 | D        | Found a stormy altar of Qazlal.
    52 | D        | Found a sacrificial altar of Ru.
    53 | D        | Found a shimmering blue altar of Sif Muna.
    56 | D        | Found a bloodstained altar of Trog.
    57 | D        | Found a hide-covered altar of Uskayaw.
    60 | D        | Found a radiant altar of Vehumet.
    61 | D        | Found an ornate altar of the Wu Jian Council.
    62 | D        | Found a shimmering altar of Xom.
    63 | D        | Found a basalt altar of Yredelemnul.
    64 | D        | Found a glowing silver altar of Zin.
    65 | D        | Found a glowing golden altar of the Shining One.
    79 | D        | Became a worshipper of Jiyva Jeupt the Shapeless
    81 | D        | Killed a great orb of eyes
    82 | D        | Killed a slime creature
    83 | D        | Killed a slime creature
    83 | D        | Killed a slime creature
    84 | D        | Killed a slime creature
    85 | D        | Killed a yaktaur
    85 | D        | Killed a mana viper
    86 | D        | Killed a wizard
    86 | D        | Killed a slime creature
    91 | D        | Killed a slime creature
    95 | D        | Killed a satyr
   120 | D        | Noticed a wyvern
   120 | D        | Noticed a two-headed ogre
   120 | D        | Noticed a yak
   120 | D        | Noticed a troll
   120 | D        | Noticed a gnoll sergeant
   127 | D        | Killed a wyvern
   128 | D        | Reached skill level 1 in Stealth
   128 | D        | Reached skill level 7 in Shields
   128 | D        | Reached XP level 5. HP: 16/61 MP: 4/4
   130 | D        | Slain by a two-headed ogre

Illustrated notes

Levels and vault maps discovered:
D:        linesprint [early_d, line_temple, items_1, d_10, items_2, lair_1,
          lair_end, items_3, orc_1, orc_end, items_4, d_15, swamp_1, shoals_1,
          snake_1, spider_1, d_20, vaults_1, items_5, swamp_end, shoals_end,
          snake_end, spider_end, vaults_end, d_27, items_6, zot_1, zot_end,
          crypt_end, forest_end, elf_end, slime_end, tomb_end, abyss_end,
          pan_hell_end]

Skill      XL: |  1  2  3  4 |
---------------+-------------+-----
Shields        | 4 5 7 |  7.1
Fighting       | 4 6 |  6.5
Unarmed Combat | 3 4 6 |  6.6
Stealth        | 1 |  1.2
Dodging        | |  2.4

Action                     |  1- 3 |  4- 6 || total
---------------------------+-------+-------++-------
  Melee: Unarmed           |    18 |    18 ||    36
   Stab: Sleeping          |     1 |       ||     1
 Armour: Robe              |     3 |     2 ||     5
  Dodge: Dodged            |     3 |     5 ||     8
  Block: Kite shield       |     4 |     8 ||    12

Table legend: (Time is in decaauts)
 A = Elapsed time spent in this place.
 B = Non-inter-level travel time spent in this place.
 C = Inter-level travel time spent in this place.
 D = Time resting spent in this place.
 E = Time spent auto-exploring this place.
 F = Levels seen in this place.
 G = Mean time per level.
                   A        B        C        D        E       F      G
               +--------+--------+--------+--------+--------+-----+--------+
         Total |    130 |    119 |     11 |      0 |      0 |   1 |  130.0 |
       Dungeon |    130 |    119 |     11 |      0 |      0 |   1 |  130.0 |
               +--------+--------+--------+--------+--------+-----+--------+

Top non-repeatable levels by time:
       D: 130 daAuts
